 Dungeon Crawl Stone Soup version 0.27-a0-668-gb5737ff2c0 (webtiles) character file.

Game seed: 5500352879762880961

6404 night the Cleaver (level 10, 0/103 HPs)
             Began as a Deep Dwarf Berserker on Mar 16, 2021.
             Was a Priest of Trog.
             Shot with an arrow by a centaur (3 damage)
             ... on level 8 of the Dungeon on Mar 17, 2021.
             The game lasted 00:34:35 (7167 turns).

night the Cleaver (Deep Dwarf Berserker)            Turns: 7167, Time: 00:34:35

Health: 0/103      AC: 18    Str: 24    XL:     10   Next: 66%
Magic:  9/9        EV:  4    Int:  8    God:    Trog [***...]
Gold:   354        SH:  8    Dex: 12    Spells: 9/9 levels left

rFire    . . .     SeeInvis +   F - +1 hand axe (elec)
rCold    . . .     Faith    +   L - +0 kite shield
rNeg     . . .     Spirit   .   q - +0 plate armour
rPois    .         Reflect  .   N - +1 hat
rElec    .         Harm     .   (no cloak)
rCorr    .         Rampage  .   z - +2 pair of gloves
Will     +++..                  n - +2 pair of boots
Stlth    ..........             k - amulet of faith
HPRegen  1.00/turn              e - ring of see invisible
MPRegen  0.11/turn              (no ring)

@: berserk cooldown, non-regenerating, slowed, very slow
A: damage resistance, heal wounds, sense surroundings 2, no regeneration
a: Heal Wounds, Renounce Religion, Berserk, Trog's Hand


You were on level 8 of the Dungeon.
You worshipped Trog.
Trog was most pleased with you.
You visited 1 branch of the dungeon, and saw 8 of its levels.

You collected 354 gold pieces.

Inventory:

Hand Weapons
 a - a +0 hand axe
 A - a +0 shortbow
 E - a +0 war axe
 F - a +1 hand axe of electrocution (weapon)
Missiles
 b - 3 silver javelins
 c - 227 stones
 d - 6 curare-tipped darts
 f - 239 arrows
 h - 43 poisoned darts (quivered)
 r - 76 sling bullets
 v - 44 bolts
 H - 2 silver boomerangs
 K - 14 boomerangs
 P - a throwing net
Armour
 n - a +2 pair of boots (worn)
 q - a +0 plate armour (worn)
 z - a +2 pair of gloves (worn)
 L - a +0 kite shield (worn)
 N - a +1 hat (worn)
Jewellery
 e - a ring of see invisible (right hand)
 k - an amulet of faith (around neck)
 t - a ring of fire
Wands
 w - a wand of flame (21)
 I - a wand of polymorph (3)
 Q - a wand of acid (3)
Scrolls
 l - 3 scrolls of enchant armour
 u - a scroll of noise
 y - 3 scrolls of identify
Potions
 g - 3 potions of attraction
 i - 6 potions of curing
 j - a potion of cancellation
 m - a potion of flight
 s - 2 potions of brilliance
 D - 2 potions of mutation
 G - 2 potions of lignification


   Skills:
 + Level 10.8 Fighting
 + Level 12.6 Axes
 - Level 2.1 Armour
 - Level 2.1 Dodging


You had 9 spell levels left.
You didn't know any spells.
Your spell library contained the following spells:

 Spells                   Type           Power      Damage    Failure   Level
 Animate Skeleton         Necr           0%         N/A       100%        1
 Apportation              Tloc           0%         N/A       100%        1
 Corona                   Hex            0%         N/A       100%        1
 Summon Small Mammal      Summ           0%         N/A       100%        1


Dungeon Overview and Level Annotations

Branches:
Dungeon (8/15)             Temple (0/1) D:7            Lair (0/6) D:8

Altars:
Ashenzari
Cheibriados
Dithmenos
Elyvilon
Ru
Xom
Zin

Shops:
D:3 *


Innate Abilities, Weirdness & Mutations

You are resistant to damage.
You can heal yourself by infusing magical energy.
You passively map the area around you.
You do not regenerate.


Message History

Your skin crawls.
You feel strong-willed.
Your two-headed ogre hits the seven-headed hydra with a +0 giant club!!
The seven-headed hydra dies!
Trog accepts your kill.
Your two-headed ogre hits the orc warrior with a +0 giant club!!
The orc warrior dies!
Trog accepts your kill.
The centaur shoots an arrow.
The arrow hits the orc wizard!
The arrow freezes the orc wizard.
You hear a shout!
What are your orders? t - Shout!
Orders for allies: a - Attack new target. r - Retreat! s - Stop attacking. g - Guard the area. f - Follow me.
Anything else - Cancel.
Gang up on whom?
Press: ? - help, Dir - move target, f - orc
Aim: an orc, wielding a +0 falchion and wearing a +0 robe Attack!
The centaur shoots an arrow.
The arrow closely misses the orc wizard.
The arrow hits your two-headed ogre! The arrow freezes your two-headed ogre.
Your two-headed ogre dies!
Your two-headed ogre's corpse disappears in a puff of smoke!
The centaur shoots an arrow.
The arrow closely misses the orc wizard.
The arrow barely misses you.
You slash the orc wizard!
You kill the orc wizard!
Trog accepts your kill.
Trog appreciates your killing of a magic user.
The centaur shoots an arrow.
The arrow hits you but does no damage.
Okay, then.
The centaur shoots an arrow.
The arrow hits you.
* * * LOW HITPOINT WARNING * * *
The arrow freezes you.
The centaur shoots an arrow.
The arrow hits you!
* * * LOW HITPOINT WARNING * * *
The arrow freezes you.
You die...

,,,,,,,,,* ###### #.[.[...
,,,...o.,* #....# #.######
,,,..o..,* #....###.# #.
,,,.oD...* #........# #.
,,,,,oc.o* #....##### #.
,,,,,,...#* #....# ###.
,,*****#..* #)...# #...
,** *#o############.# #.##
,*
#oho.hc)@.####.#######.#
,*
#########..............#
,* #######..#.##)### ,*
##.#.##.... ,* ######
#########...###... ,*
#..[.####............##.##
,***
#.##<.....##########..#.#
,,,* #.######....####
##...# ,,,* #.#
##.#....#####...###


You could see a centaur, an orc priest, 2 orcs and 2 jackals.

Vanquished Creatures
  Harold (D:7)
  Pikel (D:6)
  A komodo dragon (D:8)
  A hornet (D:8)
  A troll (D:8)
  Sigmund (D:4)
  Eustachio (D:6)
  Grum (D:8)
  A steam dragon (D:8)
  Menkaure (D:4)
  Duvessa (D:6)
  2 orc warriors (D:8)
  A necrophage (D:8)
  4 wolves (D:8)
  4 ogres
  3 centaurs
  3 lemures (D:6)
  A phantom (D:4)
  2 bullfrogs (D:6)
  Dowan (D:6)
  2 scorpions (D:4)
  4 killer bees (D:8)
  8 wights
  An electric eel (D:8)
  5 howler monkeys
  A centaur zombie (D:7)
  A bullfrog zombie (D:8)
  A hound (D:6)
  6 orc priests
  5 centaur skeletons
  A jelly (D:6)
  9 orc wizards
  6 worker ants
  A hound zombie (D:5)
  7 adders
  2 shadow imps
  3 white imps
  4 ufetubi
  2 worms (D:3)
  2 dart slugs
  4 leopard geckos
  38 orcs
  13 bats
  3 giant cockroaches (D:1)
  8 hobgoblins
  5 jackals
  10 kobolds
  5 quokkas
  4 ball pythons
  9 frilled lizards
  11 goblins
  A leopard gecko skeleton (D:6)
  A leopard gecko zombie (D:7)
  A quokka skeleton (D:6)
  8 rats
224 creatures vanquished.

Vanquished Creatures (collateral kills)
  A hydra (D:8)
  An orc warrior (D:8)
2 creatures vanquished.

Vanquished Creatures (others)
  A fungus (D:6)
  6 plants (D:8)
7 creatures vanquished.

Grand Total: 233 creatures vanquished

Notes
Turn   | Place    | Note
-------+----------+-------------------------------------------
     0 | D:1      | night the Deep Dwarf Berserker began the quest for the Orb.
     0 | D:1      | Reached XP level 1. HP: 20/20 MP: 1/1
   141 | D:1      | Reached XP level 2. HP: 15/28 MP: 2/2
   172 | D:1      | HP: 1/28 [kobold/+0 short sword (4)]
   361 | D:1      | Reached ** piety under Trog
   362 | D:1      | Reached skill level 4 in Axes
   437 | D:1      | Reached XP level 3. HP: 14/34 MP: 3/3
   919 | D:2      | Reached XP level 4. HP: 32/44 MP: 4/4
  1550 | D:3      | Found a shimmering altar of Xom.
  1650 | D:3      | Found Zin's Purification Station.
  1655 | D:3      | Found a glowing silver altar of Zin.
  1861 | D:3      | Reached skill level 5 in Axes
  1920 | D:3      | Found a faded altar of an unknown god.
  2163 | D:4      | Reached XP level 5. HP: 50/50 MP: 5/5
  2350 | D:4      | Reached *** piety under Trog
  2548 | D:4      | Noticed Sigmund
  2559 | D:4      | Killed Sigmund
  2560 | D:4      | Reached skill level 5 in Fighting
  2560 | D:4      | Reached skill level 6 in Axes
  2560 | D:4      | Reached XP level 6. HP: 57/61 MP: 6/6
  2782 | D:4      | Noticed Menkaure
  2788 | D:4      | Reached XP level 7. HP: 34/67 MP: 7/7
  2789 | D:4      | Killed Menkaure
  2790 | D:4      | Reached skill level 7 in Axes
  3130 | D:5      | Entered Level 5 of the Dungeon
  3211 | D:5      | Found a broken altar of Ashenzari.
  3426 | D:5      | You fall into a shaft and drop 1 floor!
  3439 | D:6      | Reached XP level 8. HP: 41/74 MP: 8/8
  3443 | D:6      | HP: 8/64 [wight/+3 halberd (4)]
  3453 | D:6      | Reached skill level 8 in Axes
  3517 | D:6      | Noticed Eustachio
  3567 | D:6      | Killed Eustachio
  3717 | D:6      | Noticed Pikel
  3736 | D:6      | Killed Pikel
  3737 | D:6      | Reached skill level 9 in Axes
  3752 | D:6      | Noticed Duvessa
  3755 | D:6      | Noticed Dowan
  3765 | D:6      | HP: 12/81 [ogre/+0 giant club (19)]
  3767 | D:6      | HP: 5/81 [Duvessa/+0 short sword (3)]
  3791 | D:6      | Killed Duvessa
  3796 | D:6      | Gained mutation: You passively map the area around you.
                  | [Deep Dwarf growth]
  3796 | D:6      | Reached XP level 9. HP: 37/88 MP: 9/9
  3798 | D:6      | Killed Dowan
  3858 | D:6      | Upgraded the game from 0.27-a0-660-g90476cec82 to
                  | 0.27-a0-668-gb5737ff2c0
  3990 | D:6      | HP: 6/88 [orc priest/+1 hand axe of electrocution (15)]
  3997 | D:6      | HP: 8/88 [orc priest/divine providence (13)]
  3998 | D:6      | HP: 3/88 [orc priest/divine providence (6)]
  4377 | D:6      | Found a sacrificial altar of Ru.
  4424 | D:6      | Reached skill level 10 in Axes
  4908 | D:7      | Found a staircase to the Ecumenical Temple.
  4941 | D:7      | Found a shadowy altar of Dithmenos.
  5040 | D:7      | Found a white marble altar of Elyvilon.
  5402 | D:7      | Noticed Harold
  5472 | D:7      | Killed Harold
  5473 | D:7      | Reached skill level 11 in Axes
  5590 | D:7      | Found a snail-covered altar of Cheibriados.
  5788 | D:8      | Noticed Grum
  5794 | D:8      | Killed Grum
  5795 | D:8      | Reached XP level 10. HP: 102/102 MP: 9/9
  5995 | D:8      | Reached skill level 10 in Fighting
  6059 | D:8      | Reached **** piety under Trog
  6168 | D:8      | HP: 10/102 [komodo dragon (14)]
  6170 | D:8      | Reached skill level 12 in Axes
  6810 | D:8      | Paralysed by a hornet for 1 turns
  6904 | D:8      | HP: 7/103 [electric eel/bolt of electricity (10)]
  7028 | D:8      | Found a staircase to the Lair.
  7132 | D:8      | Noticed a seven-headed hydra
  7157 | D:8      | HP: 13/103 [seven-headed hydra (5)]
  7162 | D:8      | HP: 12/103 [seven-headed hydra (4)]
  7164 | D:8      | Killed a seven-headed hydra
  7167 | D:8      | HP: 11/103 [centaur/arrow (3)]
  7167 | D:8      | HP: 3/103 [centaur/arrow (8)]
  7167 | D:8      | Shot with an arrow by a centaur

Illustrated notes

Levels and vault maps discovered:
D:1:      dpeg_arrival_signposts, layout_rooms
D:2:      layout_basic
D:3:      minmay_chambers_of_twos, layout_rooms, zin_purify, xom_teletrap_fun,
          chequers_ecumenical_altar_twisty
D:4:      layout_basic, uniq_menkaure, uniq_sigmund
D:5:      layout_basic, general_overflow_altar, evilmike_ruin_ashenzari
D:6:      layout_rooms, nicolae_ru_the_path_less_chosen, uniq_pikel,
          uniq_eustachio, uniq_duvessa
D:7:      layout_cave_pods, grunt_dithmenos_smoke, kennysheep_little_box,
          lemuel_doored_altar, minmay_temple_entry_from_below_a, uniq_harold
D:8:      layout_rooms, david_lair_shrubbed, lightli_minifort, uniq_grum

Skill      XL: |  1  2  3  4  5  6  7  8  9 10 |
---------------+-------------------------------+-----
Fighting       | 3 4 5 6 8 9 10 | 10.8
Axes           | 4 5 6 7 9 11 12 | 12.6
Armour         | |  2.1
Dodging        | |  2.1

Action                   |  1- 3 |  4- 6 |  7- 9 | 10-12 || total
-------------------------+-------+-------+-------+-------++-------
Melee: Hand axe          |   114 |   151 |   289 |   138 ||   692
       Dagger            |     5 |       |       |       ||     5
       War axe           |       |       |    15 |       ||    15
Throw: Dart              |       |     4 |    21 |     9 ||    34
Invok: Berserk           |     8 |    15 |    24 |    13 ||    60
       Trog's Hand       |     2 |     1 |    14 |     4 ||    21
       Brothers in Arms  |       |       |       |     1 ||     1
 Abil: Heal Wounds       |     1 |       |     4 |       ||     5
Evoke: Wand              |       |       |    10 |     2 ||    12
  Use: Scroll            |       |       |     2 |     9 ||    11
       Potion            |       |       |     7 |     3 ||    10
Armor: Animal skin       |    26 |       |       |       ||    26
       Ring mail         |     8 |    10 |       |       ||    18
       Plate armour      |       |    61 |   231 |   110 ||   402
Dodge: Dodged            |    93 |    54 |   113 |    27 ||   287
Block: Kite shield       |       |       |    35 |    61 ||    96

Table legend: (Time is in decaauts)
 A = Elapsed time spent in this place.
 B = Non-inter-level travel time spent in this place.
 C = Inter-level travel time spent in this place.
 D = Time resting spent in this place.
 E = Time spent auto-exploring this place.
 F = Levels seen in this place.
 G = Mean time per level.
                   A        B        C        D        E       F      G
               +--------+--------+--------+--------+--------+-----+--------+
         Total |   7725 |   7609 |    116 |   1544 |   3718 |   8 |  965.6 |
       Dungeon |   7725 |   7609 |    116 |   1544 |   3718 |   8 |  965.6 |
               +--------+--------+--------+--------+--------+-----+--------+

Top non-repeatable levels by time:
     D:7: 1449 daAuts
     D:6: 1268 daAuts
     D:8: 1198 daAuts
     D:4: 1044 daAuts
     D:2: 820 daAuts
     D:3: 766 daAuts
     D:1: 747 daAuts
     D:5: 429 daAuts
